 Dungeon Crawl Stone Soup version 0.23-a0-629-gae4348f (webtiles) character file.

108672 KnightedAnt the Fencer (level 17, -6/136 HPs)
             Began as a Formicid Abyssal Knight on Dec 24, 2018.
             Was an Elder of Lugonu.
             Killed from afar by a shock serpent (16 damage)
             ... with a bolt of electricity
             ... on level 2 of the Snake Pit on Dec 25, 2018.
             The game lasted 01:35:33 (47088 turns).

KnightedAnt the Fencer (Formicid Abyssal Knight)   Turns: 47088, Time: 01:35:33

Health: -6/136     AC: 24    Str: 29    XL:     17   Next: 5%
Magic:  27/27      EV: 11    Int: 11    God:    Lugonu [****..]
Gold:   2325       SH: 19    Dex: 10    Spells: 16/16 levels left

rFire    + + .     SeeInvis +   T - +10 trident "Pifu" {venom, rC+}
rCold    + . .     Gourm    .   L - +0 large shield
rNeg     . . .     Faith    +   A - +2 chain mail {rC+}
rPois    +         Spirit   .   (helmet unavailable)
rElec    .         Reflect  .   D - +0 cloak {MR+}
rCorr    .         Harm     .   o - +0 pair of gloves
MR       +++..                  g - +2 pair of boots
Stlth    ..........             H - amulet of faith
HPRegen  0.32/turn              R - ring "Lamymog" {rPois rF++ rC- MR+ AC+3}
MPRegen  0.20/turn              b - +4 ring of strength

@: lethally poisoned (-6 -> -7)
A: permanent stasis, dig shafts and tunnels, four strong arms, antennae 3, no
potion heal 1, subdued magic 1
a: Dig, Shaft Self, Depart the Abyss, Bend Space, Banish, Corrupt, Renounce
Religion


You were on level 2 of the Snake Pit.
You worshipped Lugonu.
Lugonu was greatly pleased with you.
You were hungry.

You visited 4 branches of the dungeon, and saw 25 of its levels.
You visited the Abyss 1 time.

You collected 2479 gold pieces.
You spent 154 gold pieces at shops.

Inventory:

Hand Weapons
 q - the +5 dagger "Wyecs" {drain, -Tele rPois rN+}
   (You found it on level 4 of the Lair of Beasts)

   A truly terrible weapon, it drains the life of those it strikes.
   It protects you from poison.
   It protects you from negative energy.
   It prevents most forms of teleportation.
 J - a +1 great sword of electrocution
 T - the +10 trident "Pifu" (weapon) {venom, rC+}
   (You found it on level 11 of the Dungeon)

   It poisons the flesh of those it strikes.
   It protects you from cold.
Missiles
 d - 188 bolts
 l - 2 throwing nets (quivered)
Armour
 g - a +2 pair of boots (worn)
 o - a +0 pair of gloves (worn)
 A - a +2 chain mail of cold resistance (worn)
 D - a +0 cloak of magic resistance (worn)
 L - a +0 large shield (worn)
Jewellery
 b - a +4 ring of strength (right hand)
 i - an uncursed ring of protection from cold
 u - an uncursed ring of wizardry
 H - an amulet of faith (around neck)
 R - the ring "Lamymog" (left hand) {rPois rF++ rC- MR+ AC+3}
   (You found it on level 11 of the Dungeon)

   [ring of protection]

   It affects your AC (+3).
   It greatly protects you from fire.
   It makes you vulnerable to cold.
   It protects you from poison.
   It affects your resistance to hostile enchantments.
 V - an uncursed ring of protection from cold
Wands
 h - a wand of enslavement (22)
 j - a wand of digging (4)
 s - a wand of flame (43)
 w - a wand of acid (5)
 y - a wand of iceblast (13)
 G - a wand of paralysis (20)
 I - a wand of polymorph (17)
 Q - a wand of clouds (5)
 W - a wand of disintegration (13)
Scrolls
 m - 6 scrolls of enchant armour {unknown}
 n - 11 scrolls of remove curse
 v - 9 scrolls of magic mapping {unknown}
 B - 3 scrolls of fear {unknown}
 F - a scroll of identify
 K - a scroll of summoning {unknown}
 M - a scroll of fog
 N - 4 scrolls of amnesia {unknown}
 O - a scroll of acquirement {unknown}
 X - 2 scrolls of brand weapon {unknown}
 Y - a scroll of enchant weapon
 Z - 2 scrolls of blinking {unknown}
Potions
 a - a potion of brilliance
 e - 10 potions of curing
 k - 2 potions of mutation
 p - 3 potions of invisibility
 r - 3 potions of flight
 t - 2 potions of might
 x - 3 potions of lignification
 z - 2 potions of magic
 C - 2 potions of resistance
 S - 3 potions of ambrosia {unknown}
 U - 2 potions of haste {unknown}
Miscellaneous
 E - a phial of floods
Comestibles
 c - 28 rations


   Skills:
 + Level 13.0 Fighting
 + Level 15.7 Long Blades
 + Level 3.0 Polearms
 + Level 12.9 Armour
 - Level 9.3 Dodging
 * Level 10.8 Shields
 + Level 13.7 Invocations


You had 16 spell levels left.
You didn't know any spells.
Your spell library contained the following spells:

 Spells                   Type           Power        Failure   Level  Hunger
 Confusing Touch          Hex            #.....       96%         1    ##.....
 Corona                   Hex            #......      96%         1    ##.....
 Infusion                 Chrm           #...         96%         1    ##.....
 Magic Dart               Conj           #...         96%         1    ##.....
 Sting                    Conj/Pois      #...         96%         1    ##.....
 Summon Small Mammal      Summ           #...         96%         1    ##.....
 Call Imp                 Summ           #.......     99%         2    ###....
 Ensorcelled Hibernation  Hex/Ice        #.....       99%         2    ###....
 Poisonous Vapours        Pois/Air       #.....       99%         2    ###....
 Shroud of Golubria       Chrm/Tloc      #.........   99%         2    ###....
 Slow                     Hex            #.......     99%         2    ###....
 Song of Slaying          Chrm           #.......     99%         2    ###....
 Sublimation of Blood     Necr           #.........   99%         2    ###....
 Call Canine Familiar     Summ           #.......     100%        3    ####...
 Confuse                  Hex            #.......     100%        3    ####...
 Conjure Flame            Conj/Fire      #.......     100%        3    ####...
 Dazzling Spray           Conj/Hex       #.....       100%        3    ####...
 Gell's Gravitas          Tloc           #.........   100%        3    ####...
 Ignite Poison            Fire/Tmut/Pois #.......     100%        3    ####...
 Mephitic Cloud           Conj/Pois/Air  #.......     100%        3    ####...
 Regeneration             Chrm/Necr      #.........   100%        3    ####...
 Spectral Weapon          Hex/Chrm       #.......     100%        3    ####...
 Summon Guardian Golem    Hex/Summ       #.......     100%        3    ####...
 Tukima's Dance           Hex            #.......     100%        3    ####...
 Olgreb's Toxic Radiance  Pois           #.......     100%        4    #####..
 Petrify                  Tmut/Erth      #.......     100%        4    #####..
 Summon Ice Beast         Ice/Summ       #.......     100%        4    #####..
 Summon Lightning Spire   Summ/Air       #.......     100%        4    #####..
 Alistair's Intoxication  Tmut/Pois      #.......     100%        5    ######.
 Fireball                 Conj/Fire      #.........   100%        5    ######.
 Irradiate                Conj/Tmut      #.........   100%        5    ######.
 Metabolic Englaciation   Hex/Ice        #.........   100%        5    ######.
 Venom Bolt               Conj/Pois      #.........   100%        5    ######.
 Yara's Violent Unravell  Hex/Tmut       #.........   100%        5    ######.
 Bolt of Fire             Conj/Fire      #.........   100%        6    #######
 Ring of Flames           Chrm/Fire      #.........   100%        7    #######
 Ignition                 Fire           #.........   100%        8    #######
 Blink                    Tloc           Unusable     N/A         2    N/A

Dungeon Overview and Level Annotations

Branches:
Dungeon (15/15)            Temple (0/1) D:4            Lair (6/6) D:11
 Shoals (0/4) Lair:2        Snake (2/4) Lair:4        Slime (0/5) Lair:5
    Orc (2/2) D:10            Elf (0/3) Orc:2        Vaults (0/5) D:14
 Depths (0/5) D:15

Altars:
Ashenzari
Dithmenos
Fedhas
Gozag
Makhleb
Nemelex Xobeh
Qazlal
Ru
Uskayaw
Wu Jian
Xom
Zin
Jiyva

Shops:
Orc:2 *:!(}

Portals:
Trove: D:15 (show abyssal rune of Zot)

Annotations:
D:8 3 runed doors, ARFLORD's ghost, novice TeWz
D:15 corrupted
Lair:2 3 runed doors, Ceffuacw's ghost, journeyman NaWz
Abyss:1 Agnes; Grinder; Rupert; Snorg; Sonja


Innate Abilities, Weirdness & Mutations

You cannot be hasted, slowed, berserked, paralysed or teleported.
You can dig through walls and to a lower floor.
Your four strong arms can wield two-handed weapons with a shield.
You have a pair of large antennae on your head. (SInv)
Potions are less effective at restoring your health.
Your spells are a little easier to cast, but a little less powerful.


Message History

You block the splash of poison.
You feel sick.
Found a dagger.
You feel sick.
A shock serpent comes into view.
The shock serpent hisses angrily.
You hear a shout!
The naga warrior looks more healthy.
A naga mage comes into view. It is wielding a +0 whip.
You feel sick.
The naga mage shouts!
You hear a shout!
The shock serpent shoots out a bolt of lightning at you!
The bolt of electricity hits you!
* * * LOW HITPOINT WARNING * * *
The bolt of electricity hits you!
* * * LOW HITPOINT WARNING * * *
The naga mage moves out of view.
You hear a shout!
The shock serpent shoots out a bolt of lightning at you!
The bolt of electricity hits you!
You die...

########################
...##...##..............
...##...##..............
...##...##...........S..
...##...#..........)....
...##.N{.#NN............
...##..{##..N...........
#..##..#########....##{
#......#########@...#
.....>...............#
....†................#
......>..............#
.N...................#
N......###############
.......# .........
..........


You could see a shock serpent.

Vanquished Creatures
  A nagaraja (Snake:2)
  A caustic shrike zombie (D:15)
  Erolcha (D:10)
  Harold (D:7)
  5 naga warriors
  3 catoblepae
  2 centaur warriors
  An anaconda (Snake:1)
  An ogre mage (D:14)
  3 two-headed ogres
  5 death yaks (Lair:6)
  8 naga sharpshooters
  An orc high priest (Orc:2)
  2 shock serpents
  Nergalle (D:10)
  2 unseen horrors
  A salamander mystic (Snake:2)
  A naga ritualist (Snake:2)
  Pikel (D:7)
  A lindwurm (Lair:3)
  An orc knight (Orc:1)
  3 manticores
  2 deep elf magi
  5 mana vipers
  8 orc sorcerers
  A necromancer (D:15)
  6 salamanders
  4 cyclopes
  5 elephants (Lair:5)
  3 moths of wrath (Lair:5)
  2 guardian serpents
  6 ugly things
  5 naga magi (Snake:1)
  Maurice (D:8)
  11 spiny frogs
  Psyche (D:8)
  16 black mambas
  A torpor snail (Lair:5)
  4 gargoyles
  3 rime drakes
  9 komodo dragons
  4 centaur skeletons
  4 tengu conjurers
  A harpy zombie (D:15)
  4 trolls
  2 merfolk (Lair:2)
  3 hornets
  Prince Ribbit (D:8)
  A meliai (D:14)
  7 tyrant leeches
  3 slime creatures (D:12)
  16 blink frogs
  A spriggan skeleton (D:15)
  5 hippogriffs
  A shadow (D:14)
  A centaur simulacrum (D:14)
  3 wyverns
  11 spriggans
  Eustachio (D:6)
  A wraith (D:10)
  A water elemental (D:14)
  48 yaks
  A steam dragon (D:14)
  5 basilisks
  2 hungry ghosts
  2 wargs
  6 swamp worms
  An acid dragon (D:12)
  16 nagas
  Edmund (D:6)
  21 water moccasins
  A human skeleton (D:15)
  14 porcupines
  6 sky beasts
  21 orc warriors
  3 black bears
  An eye of draining (D:9)
  2 ice beasts (D:14)
  2 slaves (D:7)
  36 wolves
  2 phantoms
  2 centaurs
  12 ogres
  A necrophage (D:10)
  11 crocodiles
  Blork the orc (D:5)
  A big kobold (D:6)
  14 bullfrogs
  A wyvern zombie (D:7)
  7 scorpions
  A water moccasin zombie (D:10)
  19 killer bees
  3 jellies
  4 wights (D:13)
  2 howler monkeys
  An electric eel (Snake:2)
  7 crimson imps
  4 centaur zombies
  2 quasits
  7 hounds
  18 orc priests
  38 orc wizards
  Crazy Yiuf (D:4)
  A bullfrog skeleton (D:11)
  5 iguanas
  10 worker ants
  A hound zombie (D:8)
  A hound skeleton (D:5)
  8 gnolls
  5 worker ant zombies
  10 adders
  3 shadow imps
  16 white imps
  2 ufetubi (D:14)
  4 oozes
  2 worms
  A dart slug (D:1)
  2 leopard geckos
  100 orcs
  10 bats
  3 giant cockroaches
  13 goblins
  4 hobgoblins
  13 jackals
  10 kobolds
  3 quokkas
  2 ball pythons
  4 frilled lizards
  A jackal skeleton (D:4)
  A leopard gecko zombie (D:7)
  A quokka skeleton (D:6)
  12 rats
806 creatures vanquished.

Vanquished Creatures (others)
  2 stone giants
  3 hydras
  A centaur warrior (D:15)
  A two-headed ogre (D:10)
  2 skeletal warriors (D:15)
  A flayed ghost (D:15)
  A frost giant zombie (D:15)
  2 centaur zombies (D:15)
  A naga mage (Snake:1)
  An efreet (D:15)
  5 yaktaurs (D:15)
  2 meliai (D:14)
  A troll (D:7)
  2 tyrant leeches (Lair:5)
  A basilisk (D:15)
  A slave (D:7)
  An orc warrior (D:15)
  A crocodile (Lair:5)
  3 orc wizards (D:15)
  2 shadow imps (D:15)
  2 orcs
  10 fungi
  16 plants
  2 withered plants (D:15)
64 creatures vanquished.

Grand Total: 870 creatures vanquished

Notes
Turn   | Place    | Note
-------+----------+-------------------------------------------
     0 | Abyss:1  | KnightedAnt the Formicid Abyssal Knight began the quest for
                  | the Orb.
     0 | Abyss:1  | Reached XP level 1. HP: 18/18 MP: 2/2
    42 | Abyss:2  | Noticed a small abomination
    51 | Abyss:2  | Noticed an ancient zyme
    64 | Abyss:2  | Noticed a starcursed mass
    75 | Abyss:3  | Found a corrupted altar of Lugonu.
   121 | Abyss:3  | Noticed a hellion
   122 | D:1      | Escaped the Abyss
   416 | D:1      | Reached skill level 1 in Dodging
   591 | D:1      | Reached XP level 2. HP: 24/24 MP: 3/3
  1095 | D:1      | Reached * piety under Lugonu
  1095 | D:1      | Reached XP level 3. HP: 27/29 MP: 4/4
  1870 | D:2      | Reached XP level 4. HP: 31/35 MP: 4/6
  2109 | D:2      | Reached skill level 3 in Long Blades
  2633 | D:3      | Found a shattered altar of Ashenzari.
  2671 | D:3      | Reached ** piety under Lugonu
  2712 | D:3      | Reached XP level 5. HP: 42/42 MP: 7/7
  3582 | D:4      | Found a staircase to the Ecumenical Temple.
  3726 | D:4      | Noticed an ogre
  3731 | D:4      | Killed an ogre
  3731 | D:4      | Reached XP level 6. HP: 40/48 MP: 8/8
  3801 | D:4      | Reached skill level 4 in Long Blades
  3915 | D:4      | Found a hide-covered altar of Uskayaw.
  3919 | D:4      | Noticed an ogre
  3945 | D:4      | Killed an ogre
  3990 | D:4      | Reached XP level 7. HP: 55/55 MP: 9/9
  4347 | D:4      | Found a runed door.
  4403 | D:4      | Noticed Crazy Yiuf
  4413 | D:4      | Killed Crazy Yiuf
  4434 | D:5      | Entered Level 5 of the Dungeon
  4712 | D:5      | Found a sparkling altar of Nemelex Xobeh.
  5168 | D:5      | Noticed Blork the orc
  5185 | D:5      | Killed Blork the orc
  5295 | D:5      | Reached skill level 5 in Long Blades
  5649 | D:6      | Reached XP level 8. HP: 61/61 MP: 11/11
  5679 | D:6      | Reached skill level 5 in Fighting
  5720 | D:6      | Reached *** piety under Lugonu
  5930 | D:6      | Noticed Edmund
  5992 | D:6      | Killed Edmund
  5992 | D:6      | Reached skill level 5 in Invocations
  6066 | D:6      | Reached skill level 6 in Long Blades
  6137 | D:6      | Reached skill level 5 in Armour
  6330 | D:6      | Noticed Grinder
  6346 | D:6      | Banished Grinder
  6346 | D:6      | Reached XP level 9. HP: 48/69 MP: 11/13
  6453 | D:6      | Noticed Eustachio
  6481 | D:6      | Killed Eustachio
  6825 | D:6      | Found a shadowy altar of Dithmenos.
  6981 | D:7      | Noticed Pikel
  7046 | D:7      | Killed Pikel
  7046 | D:7      | Reached skill level 7 in Long Blades
  7224 | D:7      | Noticed a hornet
  7236 | D:7      | Killed a hornet
  7630 | D:7      | Found a shimmering altar of Xom.
  7630 | D:7      | Found a stormy altar of Qazlal.
  7631 | D:7      | Found a blossoming altar of Fedhas.
  7972 | D:7      | Reached XP level 10. HP: 77/77 MP: 14/14
  8390 | D:7      | Reached skill level 8 in Long Blades
  8532 | D:7      | Noticed Harold
  8554 | D:7      | Reached skill level 5 in Dodging
  8598 | D:7      | Killed Harold
  9015 | D:8      | Noticed Psyche
  9040 | D:8      | Killed Psyche
  9231 | D:8      | Noticed Maurice
  9304 | D:8      | Killed Maurice
  9570 | D:8      | Reached skill level 9 in Long Blades
  9618 | D:8      | Found a runed gate.
  9619 | D:8      | Found a runed gate.
  9620 | D:8      | Found a runed gate.
  9785 | D:8      | Noticed Prince Ribbit
  9809 | D:8      | Killed Prince Ribbit
  9902 | D:8      | Noticed an ogre mage
  9912 | D:8      | Noticed ARFLORD's ghost (novice TeWz)
 10230 | D:8      | Found a glowing silver altar of Zin.
 10232 | D:8      | Found an opulent altar of Gozag.
 10232 | D:8      | Found a burning altar of Makhleb.
 11202 | D:9      | Reached XP level 11. HP: 85/85 MP: 16/16
 11412 | D:9      | Reached **** piety under Lugonu
 12492 | D:10     | Entered Level 10 of the Dungeon
 12618 | D:10     | Noticed a centaur warrior
 12645 | D:10     | Killed a centaur warrior
 12645 | D:10     | Reached skill level 10 in Long Blades
 13898 | D:10     | Noticed Erolcha
 13924 | D:10     | Killed Erolcha
 14338 | D:10     | Noticed Nergalle
 14341 | D:10     | Found a staircase to the Orcish Mines.
 14372 | D:10     | Killed Nergalle
 14574 | D:10     | Noticed a two-headed ogre
 14585 | D:10     | Reached XP level 12. HP: 61/94 MP: 18/18
 14586 | D:10     | Banished a two-headed ogre
 15107 | D:10     | Reached skill level 11 in Long Blades
 15543 | D:11     | Noticed an unseen horror
 15584 | D:11     | Found a staircase to the Lair.
 15598 | D:11     | Killed an unseen horror
 15931 | D:11     | Reached ***** piety under Lugonu
 15931 | D:11     | Noticed a two-headed ogre
 15953 | D:11     | Killed a two-headed ogre
 16332 | D:11     | Got a vibrating copper ring
 16348 | D:11     | Got a translucent trident
 16871 | D:11     | Identified the ring "Lamymog" {rPois rF++ rC- MR+ AC+3}
                  | (You found it on level 11 of the Dungeon)
 16875 | D:11     | Identified the +10 trident "Pifu" {venom, rC+} (You found
                  | it on level 11 of the Dungeon)
 16887 | Lair:1   | Entered Level 1 of the Lair of Beasts
 17117 | Lair:1   | Noticed a seven-headed hydra
 17140 | Lair:1   | Banished a seven-headed hydra
 17645 | Lair:1   | Reached skill level 10 in Invocations
 18375 | Lair:2   | Noticed an eight-headed hydra
 18381 | Lair:2   | Banished an eight-headed hydra
 18568 | Lair:2   | Reached XP level 13. HP: 93/103 MP: 20/20
 18726 | Lair:2   | Found a runed gate.
 18726 | Lair:2   | Found a runed gate.
 18731 | Lair:2   | Found a runed gate.
 18731 | Lair:2   | Noticed Ceffuacw's ghost (journeyman NaWz)
 18798 | Lair:2   | Reached skill level 12 in Long Blades
 18932 | Lair:2   | Reached skill level 10 in Fighting
 19514 | Lair:2   | Found a staircase to the Shoals.
 20343 | Lair:3   | Reached skill level 10 in Armour
 21236 | Lair:3   | Noticed a four-headed hydra
 21239 | Lair:3   | Banished a four-headed hydra
 21861 | Lair:3   | Noticed a seven-headed hydra
 21865 | Lair:3   | Banished a seven-headed hydra
 22004 | Lair:3   | Got a translucent tin amulet
 22281 | Lair:4   | Identified the amulet of Ashralya {Harm *Drain rC+++ Str-4
                  | Int+4 SInv} (You found it on level 3 of the Lair of Beasts)
 22621 | Lair:4   | Reached skill level 13 in Long Blades
 23135 | Lair:4   | Found a staircase to the Snake Pit.
 24329 | Lair:5   | Reached XP level 14. HP: 102/111 MP: 22/22
 24349 | Lair:5   | Noticed Snorg
 24350 | Lair:5   | Banished Snorg
 25318 | Lair:5   | Noticed Rupert
 25322 | Lair:5   | Banished Rupert
 26213 | Lair:5   | Noticed Sonja
 26214 | Lair:5   | Banished Sonja
 26596 | Lair:5   | Found a viscous altar of Jiyva.
 26596 | Lair:5   | Found a staircase to the Slime Pits.
 26622 | Lair:6   | Entered Level 6 of the Lair of Beasts
 28091 | Lair:5   | Reached skill level 1 in Shields
 28728 | Lair:5   | Reached skill level 14 in Long Blades
 29633 | Lair:6   | Got an ancient chain mail
 29787 | Lair:6   | Identified the +1 chain mail "Roiblucs" {rN++ rCorr Str-4}
                  | (You found it on level 6 of the Lair of Beasts)
 30032 | Lair:6   | Reached XP level 15. HP: 102/119 MP: 24/24
 30762 | Lair:6   | Reached skill level 5 in Shields
 31292 | Lair:4   | Got a shimmering dagger
 31293 | Lair:4   | Identified the +5 dagger "Wyecs" {drain, -Tele rPois rN+}
                  | (You found it on level 4 of the Lair of Beasts)
 31409 | Orc:1    | Entered Level 1 of the Orcish Mines
 31509 | Orc:2    | Entered Level 2 of the Orcish Mines
 31583 | Orc:2    | Found Wiehabre's Assorted Antiques.
 32181 | Orc:1    | Noticed a stone giant
 32185 | Orc:1    | Banished a stone giant
 32433 | Orc:2    | Gained mutation: Your spells are a little easier to cast,
                  | but a little less powerful. [a neqoxec]
 32435 | Orc:2    | Gained mutation: Potions are less effective at restoring
                  | your health. [a neqoxec]
 33986 | Orc:2    | Noticed a stone giant
 33989 | Orc:2    | Banished a stone giant
 34578 | Orc:2    | Found Gaceq's Book Shoppe.
 34578 | Orc:2    | Found Ceriys's Antique Weapon Emporium.
 34579 | Orc:2    | Found Tofan's Gadget Emporium.
 34582 | Orc:2    | Found Quridiso's Distillery.
 34702 | Orc:2    | Bought a wand of paralysis (9) for 154 gold pieces
 34735 | Orc:2    | Found a staircase to the Elven Halls.
 36048 | D:13     | Reached ****** piety under Lugonu
 36304 | D:13     | Identified the +3 great mace of Midsummer {freeze, Int+4}
 36365 | D:13     | Reached skill level 15 in Long Blades
 37553 | D:14     | Reached XP level 16. HP: 122/128 MP: 25/25
 38494 | D:14     | Found a gate to the Vaults.
 38790 | D:15     | Entered Level 15 of the Dungeon
 38797 | D:15     | Noticed Agnes
 38804 | D:15     | HP: 6/129 [Agnes/+4 lajatang of protection (8)]
 38806 | D:15     | Banished Agnes
 39247 | D:15     | Found a portal to a secret trove of treasure.
 39535 | D:15     | Corrupted D:15
 39535 | D:15     | Noticed a bone dragon
 40126 | D:15     | Found a staircase to the Depths.
 40733 | D:15     | Found a sacrificial altar of Ru.
 40785 | D:15     | Found an ornate altar of the Wu Jian Council.
 41259 | Snake:1  | Entered Level 1 of the Snake Pit
 42665 | Snake:1  | Reached skill level 1 in Polearms
 43290 | Snake:1  | HP: 5/129 [naga/+0 flail (7)]
 44159 | Snake:1  | Reached skill level 10 in Shields
 44191 | Snake:2  | Noticed a nagaraja
 45295 | Snake:2  | Killed a nagaraja
 46391 | Snake:2  | Reached XP level 17. HP: 107/136 MP: 27/27
 47088 | Snake:2  | Killed from afar by a shock serpent

Vault maps used:
D:1:      minmay_arrival_glassed_features, dk_noncrumbling_3
D:2:      minmay_stone_trees_small, solitary_fountain, minmay_misc_feat_tiny,
          palyth_stone_intersect, nrook_uturn, grunt_decor_cap,
          kennysheep_path_1, cheibrodos_gnoll_hut
D:3:      cheibrodos_ashenzari_chains
D:4:      kennysheep_mini_moat, minmay_temple_entry_trees, first_ration,
          uniq_crazy_yiuf_cottage
D:5:      lemuel_round_altar, uniq_blork_the_orc
D:6:      nicolae_dithmenos_through_a_glass_darkly, minmay_manual_monolith,
          uniq_edmund, uniq_eustachio, uniq_grinder
D:7:      gammafunk_temple_overflow_claw, uniq_pikel, uniq_harold
D:8:      grunt_temple_overflow_open, gammafunk_ghost_split,
          uniq_prince_ribbit1, uniq_maurice, uniq_psyche
D:10:     kb_forest_paths, hiddenorc2_lemuel, uniq_nergalle, uniq_erolcha
D:11:     lair_entry_dummy
D:12:     grunt_tengu_nest
D:14:     david_vaults_2, minmay_splitting_lines, serial_ice, serial_ice_b,
          serial_ice_o, serial_ice_n, serial_ice_l
D:15:     gammafunk_depths_entry_grave, hangedman_abyss_or_decor_stabs,
          basic_altar, enter_trove_2, nicolae_ru_sacrificial_ziggurat,
          uniq_agnes
Lair:1:   portal_ice_cave_entry_imps
Lair:2:   elwin_shoals_entry_rooms, ebering_ghost_rock_garden,
          grunt_megastairs_4, lemuel_fruit_fields, lemuel_fruit_tree
Lair:3:   cheibrodos_lair_overgrown_chateau, guppyfry_lair_drakes,
          lemuel_fruit_fields
Lair:4:   minmay_snake_entry_spellcaster
Lair:5:   dpeg_slime_entry_enclosed_altar, worms_lemuel, serial_bayou_shore_b,
          uniq_rupert, uniq_sonja, uniq_snorg
Lair:6:   evilmike_catoblepas_cave, serial_bayou_pond_d,
          grunt_forest_large_clearings
Snake:2:  minmay_snake_pond
Orc:2:    st_orc_mages, serial_shops, nicolae_shop_behind_doors
Abyss:1:  evilmike_abyss_exit_chaos
Abyss:2:  evilmike_abyss_exit_vortex, bh_abyss_xom_lugonu_altar
Abyss:3:  evilmike_abyss_rune_tso_outpost, grunt_abyss_exit_deep_breaths,
          guppyfry_abyss_exit_glass_guarded

Skill      XL: |  1  2  3  4  5  6  7  8  9 10 11 12 13 14 15 16 17 |
---------------+----------------------------------------------------+-----
Dodging        | 1 2 3 4 5 6 7 8 9 |  9.3
Long Blades    | 3 4 5 6 7 9 10 11 13 14 15 | 15.7
Invocations    | 3 4 5 6 7 9 10 11 12 13 | 13.7
Armour         | 3 4 5 6 7 8 9 10 11 12 | 12.9
Fighting       | 4 5 6 7 8 9 10 11 12 13 | 13.0
Shields        | 4 8 10 | 10.8
Polearms       | 2 3 |  3.0

Action                   |  1- 3 |  4- 6 |  7- 9 | 10-12 | 13-15 | 16-18 || total
-------------------------+-------+-------+-------+-------+-------+-------++-------
Melee: Great sword       |    35 |       |       |       |       |       ||    35
       Falchion          |   106 |   158 |    94 |       |       |       ||   358
       Dagger            |       |       |   270 |  1271 |       |       ||  1541
       Trident           |       |       |       |   129 |  1547 |   689 ||  2365
Invok: Depart the Abyss  |     1 |       |       |       |       |       ||     1
       Banish            |       |       |     1 |     4 |    28 |    19 ||    52
       Bend Space        |       |       |       |       |       |     2 ||     2
       Corrupt           |       |       |       |       |       |     1 ||     1
 Abil: Dig               |       |       |     1 |    11 |    12 |     7 ||    31
Evoke: Wand              |       |       |     2 |     1 |     6 |     3 ||    12
       Phial of floods   |       |       |       |       |     1 |       ||     1
  Use: Scroll            |       |       |     8 |     2 |    11 |     2 ||    23
       Potion            |       |       |       |       |     2 |     3 ||     5
  Eat: Chunk             |     3 |    21 |    10 |    40 |    54 |     8 ||   136
       Ration            |       |       |       |       |     4 |     9 ||    13
Armor: Chain mail        |   120 |    95 |   165 |   666 |   936 |   348 ||  2330
Dodge: Dodged            |    75 |    78 |   111 |   517 |   940 |   351 ||  2072
Block: Buckler           |       |       |    23 |   113 |   285 |    70 ||   491
       Shield            |       |       |       |       |       |   303 ||   303
       Large shield      |       |       |       |       |       |    52 ||    52
       Rpst.: Great sword |     7 |       |       |       |       |       ||     7
       Falchion          |     9 |    25 |    12 |       |       |       ||    46

Table legend:
 A = Non-vault XP
 B = Vault XP
 C = Vault XP percentage of total XP
 D = Non-vault monster count
 E = Vault monster count
 F = Vault count percentage of total count
                 A         B        C        D         E       F
            +---------+---------+-------+---------+---------+-------
      Total |  106876 |   48371 |  31.2 |     581 |     246 |  29.7
            +---------+---------+-------+---------+---------+-------
        D:1 |      36 |       0 |   0.0 |      21 |       0 |   0.0
        D:2 |      66 |      19 |  22.4 |      25 |       3 |  10.7
        D:3 |      73 |       0 |   0.0 |      33 |       0 |   0.0
        D:4 |     336 |      39 |  10.4 |       5 |       1 |  16.7
        D:5 |     272 |      99 |  26.7 |       9 |       1 |  10.0
        D:6 |     933 |     728 |  43.8 |      19 |       6 |  24.0
        D:7 |    1211 |    1682 |  58.1 |      22 |       2 |   8.3
        D:8 |     786 |    1184 |  60.1 |      26 |       3 |  10.3
        D:9 |    1770 |       0 |   0.0 |      23 |       0 |   0.0
       D:10 |    4234 |    4980 |  54.0 |      33 |      51 |  60.7
       D:11 |    3259 |       0 |   0.0 |      21 |       0 |   0.0
       D:12 |    4679 |     352 |   7.0 |      16 |       1 |   5.9
       D:13 |    4396 |       0 |   0.0 |      28 |       0 |   0.0
       D:14 |    6699 |    3709 |  35.6 |      24 |      14 |  36.8
       D:15 |    4084 |    3435 |  45.7 |      10 |       7 |  41.2
     Lair:1 |    3476 |     124 |   3.4 |      16 |      12 |  42.9
     Lair:2 |    5117 |     727 |  12.4 |      28 |       3 |   9.7
     Lair:3 |    3880 |    3955 |  50.5 |      17 |      18 |  51.4
     Lair:4 |    4605 |    1195 |  20.6 |      24 |       4 |  14.3
     Lair:5 |    7267 |    9108 |  55.6 |      25 |      30 |  54.5
     Lair:6 |    7738 |   11368 |  59.5 |      28 |      33 |  54.1
    Snake:1 |   18847 |       0 |   0.0 |      42 |       0 |   0.0
    Snake:2 |   15779 |     381 |   2.4 |      25 |       8 |  24.2
      Orc:1 |    2716 |     678 |  20.0 |      14 |       3 |  17.6
      Orc:2 |    4617 |    4608 |  50.0 |      47 |      46 |  49.5
            +---------+---------+-------+---------+---------+-------
